AoeStats
← Overcome8853

Black Forest

509679112Analyzed
3v3 RM · 4d ago on Sep 27, 2026· 55m 43s· 6 players
Game mode
Random Map
Map size
Normal (6 player)
Population
200
Speed
Normal
Resources
Standard
Victory
Conquest
Starting age
Dark Age
Ending age
Imperial Age
RankedLock teamsTeams togetherTeam positionsShared explorationLock speedFull tech treeHidden civsTurbo modeCheats
Victory
Defeat
🇹🇼 Danes · Taiwan
953
+10
🇭🇺 Bulgarians · Hungary
892
+13
🇩🇪 Franks · Germany
853
+20
🇭🇺 Japanese · Hungary
972
-50
🇭🇺 Persians · Hungary
760
-10
🇭🇺 Bohemians · Hungary
725
-9
Terminor
0:27 Loom
12:12 Feudal Age
12:36 Horse Collar
12:42 Double-Bit Axe
19:01 Castle Age
19:55 Heavy Plow
20:06 Bow Saw
27:14 Gold Mining
27:18 Stone Mining
28:47 Wheelbarrow
31:03 Imperial Age
28:55 Caravan
29:37 Scale Barding Armor
29:33 Scale Mail Armor
29:44 Forging
29:36 Stirrups
31:31 Squires
31:16 Arson
31:57 Chain Barding Armor
31:53 Chain Mail Armor
32:14 Iron Casting
32:09 Conscription
32:08 Hand Cart
32:00 Husbandry
32:10 Bloodlines
33:05 Gold Shaft Mining
33:07 Stone Shaft Mining
34:06 Plate Barding Armor
34:38 Blast Furnace
34:09 Plate Mail Armor
34:30 Elite Konnik
43:02 Coinage
43:14 Fletching
43:24 Padded Archer Armor
42:46 Onager
42:47 Heavy Scorpion
42:49 Capped Ram
44:36 Crop Rotation
51:05 Town Watch
SASHIME
1:00 Loom
13:04 Feudal Age
17:09 Castle Age
19:31 Squires
20:14 Arson
26:46 Double-Bit Axe
26:42 Horse Collar
28:24 Scale Mail Armor
28:34 Forging
29:15 Wheelbarrow
32:49 Imperial Age
31:18 Bow Saw
33:21 Hand Cart
33:23 Onager
34:45 Siege Onager
36:47 Conscription
39:16 Siege Engineers
38:47 Hamask
38:58 Man-at-Arms
42:29 Chain Mail Armor
42:49 Iron Casting
41:45 Elite Jomsviking
44:21 Northmen's Fury
45:10 Murder Holes
47:35 Plate Mail Armor
49:27 Ballistics
Julesfreeman
11:19 Feudal Age
12:11 Double-Bit Axe
20:41 Castle Age
20:17 Gold Mining
20:23 Stone Mining
21:43 Bow Saw
23:39 Wheelbarrow
22:50 Loom
22:51 Town Watch
25:59 Town Patrol
31:28 Husbandry
31:43 Scale Barding Armor
35:57 Gold Shaft Mining
38:05 Imperial Age
36:53 Ballistics
38:41 Hand Cart
40:03 Chemistry
38:29 Cavalier
39:23 Chivalry
38:45 Elite Throwing Axeman
43:09 Paladin
45:45 Coinage
45:16 Caravan
47:48 Chain Barding Armor
47:39 Forging
52:26 Plate Barding Armor
Overcome8853
11:49 Feudal Age
19:32 Fishing Lines
23:58 Castle Age
22:03 Man-at-Arms
24:03 Long Swordsman
33:45 Wheelbarrow
40:11 Forging
40:02 Scale Mail Armor
40:06 Padded Archer Armor
40:19 Gambesons
40:36 Squires
44:24 Pikeman
Scrap
0:27 Loom
16:17 Feudal Age
18:13 Wheelbarrow
20:26 Castle Age
21:32 Hand Cart
29:39 Double-Bit Axe
30:28 Caravan
30:58 Coinage
32:10 Horse Collar
32:23 Gold Mining
32:23 Stone Mining
36:02 Imperial Age
33:18 Town Watch
34:17 Husbandry
35:02 Heavy Plow
38:06 Scale Barding Armor
38:12 Forging
38:03 Padded Archer Armor
37:53 Fletching
38:27 Ballistics
38:42 Town Patrol
39:01 Bow Saw
41:21 Chemistry
39:43 Cavalier
40:52 Chain Barding Armor
41:08 Iron Casting
40:35 Scale Mail Armor
40:50 Leather Archer Armor
41:11 Savar
43:16 Plate Barding Armor
48:00 Heavy Scorpion
53:42 Banking
Pufci2011
0:32 Loom
16:10 Feudal Age
23:14 Castle Age
39:28 Imperial Age
40:28 Double-Bit Axe
41:05 Elite Hussite Wagon
43:11 Ballistics
45:00 Chemistry
45:36 Coinage
Connection lost

Rejoining the realm…

Still unreachable

The connection could not be restored.

Session expired

The server has moved on; the page needs a fresh start.